 Dungeon Crawl Stone Soup version 0.23-a0-690-g0a1fc62c7c (webtiles) character file.

98 LLavrengius the Sneak (level 4, -1/31 HPs)
             Began as an Octopode Fighter on Jan 11, 2019.
             Slain by a gnoll
             ... wielding a +0 club
              (9 damage)
             ... on level 2 of the Dungeon.
             The game lasted 00:04:53 (1737 turns).

LLavrengius the Sneak (Octopode Fighter)            Turns: 1737, Time: 00:04:54

Health: -1/31      AC:  1    Str: 15    XL:     4   Next: 69%
Magic:  4/4        EV: 11    Int: 10    God:
Gold:   83         SH:  8    Dex: 12    Spells: 3/3 levels left

rFire    . . .     SeeInvis .   f - +0 dagger (curse)
rCold    + . .     Gourm    .   b - +0 shield
rNeg     + . .     Faith    .   (helmet restricted)
rPois    .         Spirit   .   (no amulet)
rElec    .         Reflect  .   k - ring of flight
rCorr    .         Harm     .   n - ring of protection from cold
MR       .....                  r - ring of positive energy
Stlth    +++.......             (no ring)
HPRegen  0.10/turn              (no ring)
MPRegen  0.09/turn              (no ring)
                                (no ring)
                                (no ring)

@: no status effects
A: almost no armour, stealthy swim, amphibious, 8 rings, constrict 8, camouflage
1, gelatinous body 1
a: Evoke Flight


You were on level 2 of the Dungeon.
You were hungry.

You visited 1 branch of the dungeon, and saw 2 of its levels.

You collected 83 gold pieces.

Inventory:

Hand Weapons
 a - a +0 rapier
 f - a cursed +0 dagger (weapon)
Armour
 b - a +0 shield (worn)
Jewellery
 k - a ring of flight (left tentacle)
 n - a ring of protection from cold (right tentacle)
 r - a ring of positive energy (on tentacle)
Scrolls
 g - 3 scrolls of identify {unknown}
 i - 2 scrolls of teleportation {unknown}
 l - a scroll of magic mapping {unknown}
 o - a scroll of enchant weapon {unknown}
 p - a scroll of fear {unknown}
 q - a scroll of remove curse {unknown}
Potions
 c - a potion of might
 e - a potion of degeneration {unknown}
 h - a potion of agility {unknown}
 j - a potion of curing {unknown}
 m - a potion of mutation {unknown}
 s - a potion of flight {unknown}
Comestibles
 d - 6 rations


   Skills:
 - Level 3.0 Fighting
 + Level 3.6 Short Blades
 - Level 3.0 Dodging
 + Level 4.1 Stealth
 - Level 3.0 Shields


You had 3 spell levels left.
You didn't know any spells.
Your spell library was empty.

Dungeon Overview and Level Annotations

Branches:
Dungeon (2/15)

Altars:


Innate Abilities, Weirdness & Mutations

You cannot wear most types of armour.
You are very stealthy in the water. (Stealth+)
You are amphibious.
You can wear up to eight rings at the same time.
You can use your tentacles to constrict eight enemies at once.
Your skin changes colour to match your surroundings (Stealth+).
Your rubbery body absorbs attacks. (AC +1, EV +1)


Message History

Your squeeze misses the ball python.
The ball python is severely wounded.
The ball python bites you. The ball python grabs you.
The ball python constricts you.
You hit the ball python.
You kill the ball python!
The gnoll throws a throwing net.
The throwing net hits you.
You become entangled in the net!
You struggle against the net.
You struggle against the net.
The gnoll completely misses you.
You rip the net and break free!
You block the gnoll's attack.
You hit the gnoll but do no damage. Your grab misses the gnoll.
You squeeze the gnoll!
The gnoll is heavily wounded.
The gnoll hits you with a +0 club!
* * * LOW HITPOINT WARNING * * *
You hit the gnoll. Your grab misses the gnoll.
The gnoll is heavily wounded.
The gnoll hits you with a +0 club!
You die...

#....##### ##.#.##
#...## ####..#.#
...########....##.#
............#####.#
...#########...#..######
.### #...#.#.....#
####### #.....#.(...#
......######...###.....#
...........(....@g.....#
.........####..######..#
.........##...## .#
..............# #
.............##
.........##..
((......###.)
........###.
............


You could see a gnoll.

Vanquished Creatures
  3 gnolls (D:2)
  An adder (D:2)
  A worm (D:2)
  2 dart slugs (D:2)
  A leopard gecko (D:1)
  2 ball pythons
  2 giant cockroaches (D:1)
  3 goblins
  4 hobgoblins
  6 jackals
  2 quokkas (D:2)
  10 bats
  2 frilled lizards (D:1)
  7 kobolds
  7 rats
  A plant (D:1)
54 creatures vanquished.

Notes
Turn   | Place    | Note
-------+----------+-------------------------------------------
     0 | D:1      | LLavrengius the Octopode Fighter began the quest for the
                  | Orb.
     0 | D:1      | Reached XP level 1. HP: 16/16 MP: 1/1
    55 | D:1      | Reached skill level 1 in Stealth
   176 | D:1      | Reached XP level 2. HP: 20/21 MP: 2/2
   284 | D:1      | Reached skill level 2 in Stealth
   493 | D:1      | Reached XP level 3. HP: 26/26 MP: 3/3
  1216 | D:2      | Reached skill level 3 in Stealth
  1470 | D:2      | Reached XP level 4. HP: 31/31 MP: 4/4
  1728 | D:2      | Reached skill level 4 in Stealth
  1737 | D:2      | Slain by a gnoll

Vault maps used:
D:1:      dpeg_arrival_solitude, serial_forest, infiniplex_forest_corner_2,
          infiniplex_forest_clump_long, infiniplex_forest_clump_C,
          infiniplex_forest_clump_double, infiniplex_forest_end_3,
          infiniplex_forest_end_2, infiniplex_forest_lined_room_3,
          infiniplex_forest_clump_large, infiniplex_forest_clump_diagonal,
          chequers_serial_rivers_micro_e, minmay_misc_feat_four_crosses,
          minmay_misc_feat_room, chequers_serial_rivers_micro_e,
          serial_park_tiny_1
D:2:      chequers_ecumenical_altar_lobes, first_ration, minmay_pentomino_p4

Skill      XL: |  1  2  3  4 |
---------------+-------------+-----
Stealth        | 1 2 3 4 |  4.1
Short Blades   | 3 |  3.6
Fighting       | |  3.0
Dodging        | |  3.0
Shields        | |  3.0

Action                   |  1- 3 |  4- 6 || total
-------------------------+-------+-------++-------
Melee: Rapier            |     9 |       ||     9
       Dagger            |   115 |    21 ||   136
       Tentacles         |    34 |    10 ||    44
       Constrict         |    25 |     7 ||    32
 Stab: Sleeping          |     8 |     2 ||    10
  Eat: Chunk             |     1 |     1 ||     2
Armor: Skin              |     9 |     1 ||    10
Dodge: Dodged            |    23 |     9 ||    32
Block: Shield            |    24 |     5 ||    29

Table legend:
 A = Non-vault XP
 B = Vault XP
 C = Vault XP percentage of total XP
 D = Non-vault monster count
 E = Vault monster count
 F = Vault count percentage of total count
                 A         B        C        D         E       F
            +---------+---------+-------+---------+---------+-------
      Total |     138 |       2 |   1.4 |      51 |       2 |   3.8
            +---------+---------+-------+---------+---------+-------
        D:1 |      45 |       0 |   0.0 |      29 |       0 |   0.0
        D:2 |      93 |       2 |   2.1 |      22 |       2 |   8.3
            +---------+---------+-------+---------+---------+-------
